 Dungeon Crawl Stone Soup version 0.29-a0-323-g050149af67 (webtiles) character file.

Game seed: 15974289520286923757

14 mightbedylan the Gusty (level 2, 15/15 HPs)
             Began as a Tengu Air Elementalist on Apr 10, 2022.
             Quit the game on level 1 of the Dungeon on Oct 17, 2023.
             The game lasted 00:02:35 (620 turns).

mightbedylan the Gusty (Tengu Air Elementalist)      Turns: 620, Time: 00:02:35

Health: 15/15      AC:  6    Str:  8    XL:     2   Next: 41%
Magic:  6/6        EV: 10    Int: 15    God:
Gold:   33         SH:  0    Dex: 14    Spells: 4/5 levels left

rFire   . . .      SeeInvis .   (no weapon)
rCold   . . .      Faith    .   (no shield)
rNeg    . . .      Spirit   .   d - +1 ring mail {Will+}
rPois   .          Reflect  .   (helmet restricted)
rElec   .          Harm     .   (no cloak)
rCorr   .          Rampage  .   (no gloves)
Will    +....                   (boots unavailable)
Stlth   +.........              (no amulet)
HPRegen 0.05/turn               (no ring)
MPRegen 0.10/turn               (no ring)

@: no status effects
A: beak, talons 3
a: no special abilities


You were on level 1 of the Dungeon.
You visited 1 branch of the dungeon, and saw 1 of its levels.

You collected 33 gold pieces.

Inventory:

Armour
 a - a +0 robe
 d - a +1 ring mail of willpower (worn)
Scrolls
 c - a scroll of enchant weapon {unknown}
 e - a scroll of blinking {unknown}
Potions
 b - a potion of magic


   Skills:
 + Level 2.4 Dodging
 + Level 2.2 Stealth
 + Level 2.1 Spellcasting
 + Level 1.8 Conjurations
 + Level 4.2 Air Magic


You had 4 spell levels left.
You knew the following spells:

 Your Spells              Type           Power      Damage    Failure   Level
a - Shock                 Conj/Air       40%        1d5       19%         1

Your spell library contained the following spells:

 Spells                   Type           Power      Damage    Failure   Level
 Static Discharge         Conj/Air       10%        N/A       28%         2
 Swiftness                Air            14%        N/A       34%         3
 Airstrike                Air            7%         N/A       75%         4


Dungeon Overview and Level Annotations

Branches:
Dungeon (1/15)

Altars:


Innate Abilities, Weirdness & Mutations

You have a beak for a mouth.
You have claws for feet.


Message History

The zap hits the giant cockroach.
The giant cockroach is heavily wounded.
Casting: Shock (safe; 21% risk of failure)
Confirm with . or Enter, or press ? or * to list all spells.
Aiming: Shock (safe; 21% risk of failure)
Press: ? - help, Shift-Dir - straight line, f/p - giant cockroach
Aim: a giant cockroach (heavily wounded, 68% to hit)
You miscast Shock.
You are very lightly contaminated with residual magic.
Nothing appears to happen.
The giant cockroach waves its antennae.
Casting: Shock (safe; 21% risk of failure)
Confirm with . or Enter, or press ? or * to list all spells.
Aiming: Shock (safe; 21% risk of failure)
Press: ? - help, Shift-Dir - straight line, f/p - giant cockroach
Aim: a giant cockroach (heavily wounded, 68% to hit)
That beam is likely to hit you.
Continue anyway? [Y]es or [N]o only, please.
That beam is likely to hit you.
Continue anyway?
Okay, then.
Unknown command.
You hit the giant cockroach.
The giant cockroach is severely wounded.
The giant cockroach bites you but does no damage.
You completely miss the giant cockroach.
You claw the giant cockroach.
You kill the giant cockroach!
You see here a giant cockroach corpse.
Your magical contamination has completely faded away.
Things that are here:
a +0 club; 5 stones
Found 2 boomerangs.
You see here 2 boomerangs.
There is a stone staircase leading down here.
Found 4 poisoned darts.
Welcome back, mightbedylan the Tengu Air Elementalist.
Press ? for a list of commands and other information.
Unknown command.
There's nothing to open nearby.
Are you sure you want to abandon this character and quit the game? (Confirm with "yes".)

#.##.### ##...≈.....≈.#.#.####.#
#......###....≈≈≈≈≈≈≈...#......#
#...........#...........>...##.#
##.....########.##......###.##.#
#.....# #.#######.# #.....
#.....# #.# #.######.# ......##
#.# #........# #####..# #.#
########.# #..# #@# #.# #.. #.#
#.# ..# ######.# #.$. #......#
#.## #.###### #. #.# .. #.# .(
#.# #.#


There were no monsters in sight!

Vanquished Creatures
  An endoplasm (D:1)
  A giant cockroach (D:1)
  A goblin (D:1)
  A hobgoblin (D:1)
  A kobold (D:1)
  2 quokkas (D:1)
  2 ball pythons (D:1)
  2 bats (D:1)
  A rat (D:1)
12 creatures vanquished.

Notes
Turn   | Place    | Note
-------+----------+-------------------------------------------
     0 | D:1      | mightbedylan the Tengu Air Elementalist began the quest for
                  | the Orb.
     0 | D:1      | Reached XP level 1. HP: 10/10 MP: 4/4
   256 | D:1      | Reached XP level 2. HP: 15/15 MP: 4/6
   314 | D:1      | Found a faded altar of an unknown god.
   620 | D:1      | Quit the game

Illustrated notes

Levels and vault maps discovered:
D:1:      ebering_hopf_link, layout_loops_ring, ebering_ecumenical_altar_box

Action                   || total
-------------------------++-------
Melee: Unarmed           ||     9
       Kick              ||     1
       Peck              ||     1
       Punch             ||     1
 Cast: Shock             ||    19
 Stab: Sleeping          ||     1
Armor: Ring mail         ||     4
Dodge: Dodged            ||     3

Table legend: (Time is in decaauts)
 A = Elapsed time spent in this place.
 B = Non-inter-level travel time spent in this place.
 C = Inter-level travel time spent in this place.
 D = Time resting spent in this place.
 E = Time spent auto-exploring this place.
 F = Levels seen in this place.
 G = Mean time per level.
                   A        B        C        D        E       F      G
               +--------+--------+--------+--------+--------+-----+--------+
         Total |    620 |    620 |      0 |      0 |    539 |   1 |  620.0 |
       Dungeon |    620 |    620 |      0 |      0 |    539 |   1 |  620.0 |
               +--------+--------+--------+--------+--------+-----+--------+

Top non-repeatable levels by time:
     D:1: 620 daAuts
